 Dungeon Crawl Stone Soup version 0.21.1-1-g345015fe64 (webtiles) character file.

1563956 Imdi the Conqueror (level 27, 195/245 HPs)
             Began as a Minotaur Berserker on Feb 21, 2018.
             Was the Champion of Trog.
             Escaped with the Orb
             ... and 3 runes on Mar 5, 2018!
             The game lasted 11:24:21 (90302 turns).

Imdi the Conqueror (Minotaur Berserker)            Turns: 90302, Time: 11:24:22

Health: 195/245    AC: 42    Str: 38    XL:     27
Magic:  15/15      EV: 19    Int:  7    God:    Trog [******]
Gold:   2640       SH:  8    Dex: 10    Spells: 26/26 levels left

rFire    + + .     SeeInvis +   b - +13 executioner's axe "Zuogix" {flame, rC+ rN+ Int-5}
rCold    + + .     Gourm    .   (shield currently unavailable)
rNeg     + + .     Faith    .   f - +6 gold dragon scales
rPois    +         Spirit   .   e - +2 hat {SInv}
rElec    +         Reflect  +   X - +2 cloak {rF+}
rCorr    .         Harm     .   g - +2 pair of gloves
MR       +++..                  N - +2 pair of boots {Stlth+}
Stlth    ..........             y - brooch of Shielding {Reflect SH+8}
HPRegen  0.50/turn              H - +5 ring of intelligence
MPRegen  0.14/turn              Z - ring "Zielion" {+Fly rN+ MR+ Str+7}

@: mighty, hasted, very quick
A: retaliatory headbutt, horns 2, slimy green scales 1, clumsy 2, deformed body,
deterioration 2, frail 1, low mp 3, screaming 1, electricity resistance, weak 1,
no potion heal 1
0: Orb of Zot
}: 3/15 runes: barnacled, silver, gossamer
a: Berserk, Trog's Hand, Brothers in Arms, Burn Spellbooks, Renounce Religion,
Evoke Flight


You escaped.
You worshipped Trog.
Trog was exalted by your worship.
You were not hungry.

You visited 10 branches of the dungeon, and saw 50 of its levels.
You also visited: Ice Cave and Volcano.

You collected 5880 gold pieces.
You spent 3240 gold pieces at shops.

Inventory:

Hand Weapons
 a - a +9 longbow of freezing
 b - the +13 executioner's axe "Zuogix" (weapon) {flame, rC+ rN+ Int-5}
   (Trog gifted it to you on level 4 of the Shoals)

   It has been specially enchanted to burn those struck by it, causing extra
   injury to most foes and up to half again as much damage against particularly
   susceptible opponents.
   Big, fiery blades are also staple armaments of hydra-hunters.
   It affects your intelligence (-5).
   It protects you from cold.
   It protects you from negative energy.
 w - the +10 battleaxe "Pendulum" {drain, Int+4}
   (Trog gifted it to you on level 5 of the Vaults)

   A truly terrible weapon, it drains the life of those it strikes.
   It affects your intelligence (+4).
Missiles
 I - 904 arrows
 T - 7 throwing nets (quivered)
Armour
 e - a +2 hat of see invisible (worn)
 f - +6 gold dragon scales (worn)
 g - a +2 pair of gloves (worn)
 N - a +2 pair of boots of stealth (worn)
 X - a +2 cloak of fire resistance (worn)
Jewellery
 y - the brooch of Shielding (around neck) {Reflect SH+8}
   (You bought it in a shop on level 4 of the Vaults)

   [amulet of reflection]

   It shields you and reflects attacks.
   It affects your SH (+8).
 C - an uncursed ring of protection from magic
 H - a +5 ring of intelligence (left hand)
 R - an uncursed ring of resist corrosion
 Z - the ring "Zielion" (right hand) {+Fly rN+ MR+ Str+7}
   (You bought it in a shop on level 2 of the Orcish Mines)

   [ring of flight]

   It affects your strength (+7).
   It protects you from negative energy.
   It affects your resistance to hostile enchantments.
   It lets you fly.
Wands
 d - a wand of acid (17)
 k - a wand of digging (11)
 S - a wand of clouds (10)
 V - a wand of iceblast (81)
Scrolls
 h - a scroll of enchant weapon
 i - 11 scrolls of magic mapping
 l - 15 scrolls of remove curse {@r2}
 m - 24 scrolls of teleportation
 p - 5 scrolls of fog
 r - 9 scrolls of immolation
 s - 2 scrolls of silence
 D - 12 scrolls of fear
 G - a scroll of summoning
 J - 19 scrolls of identify {@r1}
 K - 10 scrolls of blinking
Potions
 j - 4 potions of flight
 n - 6 potions of lignification
 o - 24 potions of curing {@q1}
 q - 8 potions of haste
 u - 9 potions of might
 x - 9 potions of heal wounds
 z - 5 potions of resistance
 A - 4 potions of cancellation
 E - 10 potions of agility
 L - 3 potions of mutation
 O - 3 potions of invisibility
Comestibles
 c - 47 rations {@e8}


   Skills:
 O Level 27 Fighting
 - Level 26.0 Axes
 - Level 20.0 Bows
 + Level 25.0 Armour
 O Level 27 Dodging
   Level 4.1 Shields


You had 26 spell levels left.
You didn't know any spells.

Dungeon Overview and Level Annotations

Branches:
Dungeon (15/15)            Temple (1/1) D:6            Lair (6/6) D:10
 Shoals (4/4) Lair:4       Spider (4/4) Lair:3        Slime (0/5) Lair:5
    Orc (2/2) D:11            Elf (3/3) Orc:2        Vaults (5/5) D:14
  Crypt (0/3) Vaults:2     Depths (5/5) D:15            Zot (5/5) Depths:5

Altars:
Ashenzari
Cheibriados
Dithmenos
Elyvilon
Fedhas
Gozag
Hepliaklqana
Kikubaaqudgha
Makhleb
Nemelex Xobeh
Okawaru
Qazlal
Ru
Sif Muna
Trog
Uskayaw
Vehumet
Wu Jian
Xom
Yredelemnul
Zin
The Shining One
Beogh

Shops:
D:4 }   D:5 ?   D:11 *   D:14 !   Orc:2 [=(*   Elf:1 *   Vaults:2 %
Vaults:4 =   Depths:1 :*   Depths:4 *

Portals:
Hell: Depths:1 Depths:2 Depths:3 Depths:4 Depths:5
Abyss: Depths:4 Depths:5
Pandemonium: Depths:2 Depths:3 Depths:4 Depths:5
Ziggurat: Depths:5
Trove: Depths:2 (give 12 potions of heal wounds)

Annotations:
D:2 exclusion: downstairs
D:8 exclusion: downstairs
Shoals:2 exclusion: downstairs
Elf:2 exclusion: downstairs


Innate Abilities, Weirdness & Mutations

You reflexively headbutt those who attack you in melee.
You have a pair of horns on your head.
You are partially covered in slimy green scales. (AC +2)
You are very clumsy. (Dex -4)
Armour fits poorly on your strangely shaped body.
Your body often deteriorates upon taking damage.
You are frail. (-10% HP)
Your magical capacity is extremely low. (-30% MP)
You occasionally shout uncontrollably at your foes.
You are resistant to electric shocks. (rElec)
You are weak. (Str -2)
Potions are less effective at restoring your health.


Message History

You burn Daprievacu. Your headbutt misses Daprievacu.
Daprievacu is almost dead.
Daprievacu hits you but does no damage.
You miss Daprievacu. Your headbutt misses Daprievacu.
Daprievacu is almost dead.
Daprievacu hits you!!
You take 28 damage.
You chop Daprievacu into pieces!!!
You kill Daprievacu!
Trog accepts your kill.
Your Armour skill increases to level 25!
I - 900 arrows (gained 2)
I - 904 arrows (gained 4)
A white imp comes into view.
The white imp shouts, "Scamper home, thou loggerheaded moldwarp coxcomb!"
You chop the white imp into pieces!!!! You burn the white imp!
You kill the white imp!
Trog accepts your kill.
There is a staircase leading out of the dungeon here.
You have escaped!

#.# #.................
###.########.####.#...##.###.
#..#.)....##.###.##...##.# #.
#.#.#####.#...#^#........# #.
#.#.# #.......##........# #.
########.########........# #.
#.......#.....#.##......# #.
#.#####.#.###.##.#...#### #.
#.....#.#.#@#.###.#### #.
##########.#.#...#.# #.# ##
#....#...#.#.#####.# #.#
#.####.#.#.#.......# #.# #.#
#.#.#.#.#########.# #)#
#.#.#.#.........#.# #.#
#.#)#.#.#######...# #.#
#.#.#.#.......###.# #.#
#.#.#.#.#.##### #.#


There were no monsters in sight!

Vanquished Creatures
  A pandemonium lord (D:1)
  7 orbs of fire
  3 ancient liches
  Mara (Spider:4)
  2 juggernauts
  The ghost of endorz the Slayer, a veteran DDFi of Makhleb (Depths:3)
  The ghost of TheWayOfAllFlesh the End of an Era, a veteran DsGl of Qazlal (Depths:4)
  A shard shrike (Zot:3)
  Frederick (Vaults:4)
  Saint Roka (Depths:1)
  8 Killer Klowns
  5 curse toes
  16 golden dragons
  Nikola (Depths:1)
  Jory (Depths:4)
  Arachne (Spider:4)
  3 electric golems
  Jorgrun (Spider:2)
  14 tentacled monstrosities
  Rupert (D:14)
  30 Orb Guardians
  4 deep elf blademasters
  11 quicksilver dragons
  5 titans
  2 deep elf master archers (Elf:3)
  3 liches
  Gastronok (Lair:2)
  5 sphinxes
  4 death cobs
  A kraken (Shoals:4)
  An Executioner (Depths:3)
  Polyphemus (Shoals:3)
  8 tengu reavers
  3 large abominations
  15 storm dragons
  4 draconian monks
  Roxanne (Shoals:2)
  Ilsuiw (Shoals:4)
  10 shadow dragons
  2 daevas (Depths:3)
  8 fire giants
  Donald (Shoals:2)
  4 iron dragons
  3 orc warlords
  10 draconian scorchers
  7 deep elf sorcerers (Elf:3)
  6 ghost moths
  Aizul (Shoals:3)
  10 draconian knights
  10 draconian shifters
  16 vault wardens
  A balrug (Depths:5)
  6 deep elf elementalists
  11 frost giants
  5 emperor scorpions
  Louise (Depths:4)
  5 draconian annihilators
  18 stone giants
  14 very ugly things
  15 ironheart preservers
  5 draconian stormcallers
  A war gargoyle (Vaults:5)
  9 green draconians
  7 deep elf demonologists
  3 vampire knights
  6 entropy weavers
  14 deep elf annihilators
  9 purple draconians
  9 spark wasps
  13 black draconians
  18 white draconians
  9 yellow draconians
  A dire elephant (shapeshifter) (Depths:4)
  A lorocyproca (Depths:2)
  Azrael (D:15)
  16 ettins
  10 red draconians
  6 deep elf death magi
  4 merfolk javelineers (Shoals:4)
  A green death (Depths:4)
  14 yaktaur captains
  Snorg (Orc:2)
  A fire dragon (shapeshifter) (Depths:2)
  12 fire dragons
  7 deep elf high priests
  8 great orbs of eyes
  12 merfolk impalers
  Erolcha (D:11)
  28 vault guards
  Harold (Lair:1)
  3 hell beasts
  15 ice dragons
  9 spriggan air magi
  4 hydras
  3 rakshasas
  A catoblepas (Shoals:3)
  8 centaur warriors
  A merfolk avatar (Shoals:1)
  Erica (D:10)
  3 death knights
  18 ogre magi
  9 merfolk aquamancers
  43 two-headed ogres
  4 satyrs
  A queen ant (Lair:3)
  8 death yaks
  27 dancing weapons
  19 deep troll shamans
  Urug (D:14)
  14 deep troll earth magi
  4 orc high priests (Orc:2)
  4 spriggan berserkers
  3 vampire magi
  A shock serpent (shapeshifter) (Vaults:4)
  15 deep elf knights
  3 tengu warriors
  4 sun demons
  Nergalle (D:11)
  2 soul eaters (Depths:3)
  Sonja (Lair:3)
  4 spriggans
  The ghost of subsebi the Cleaver, a novice DsCK of Xom (D:7)
  9 iron trolls
  2 shadow wraiths
  A glowing orange brain (shapeshifter) (Elf:3)
  5 skeletal warriors
  14 sea snakes
  7 unseen horrors
  2 unseen horrors (shapeshifter)
  12 hell knights
  41 deep trolls
  5 flayed ghosts
  A small abomination (Vaults:5)
  A swamp dragon (Lair:6)
  An obsidian statue (D:15)
  A harpy (shapeshifter) (Depths:2)
  5 wizards
  4 glowing orange brains
  3 phantasmal warriors
  12 deep elf archers
  14 ironbrand convokers
  13 harpies
  4 necromancers
  Pikel (D:6)
  18 orc knights
  65 ugly things
  30 orb spiders
  30 wolf spiders
  A fire giant zombie (Vaults:4)
  4 oklob plants (Lair:6)
  14 manticores
  An orb spider (shapeshifter) (Depths:2)
  19 fauns
  8 orc sorcerers
  A salamander (Depths:3)
  41 deep elf magi
  2 human zombies
  27 moths of wrath
  3 water nymphs
  A frost giant zombie (Vaults:5)
  14 cyclopes
  A frost giant skeleton (Depths:1)
  A stone giant skeleton (Depths:1)
  8 vault sentinels
  15 elephants
  7 merfolk sirens
  2 molten gargoyles (Volcano)
  A black mamba (shapeshifter) (D:15)
  6 black mambas
  4 rust devils
  An eye of devastation (shapeshifter) (Vaults:2)
  2 orange demons
  2 gargoyles
  2 torpor snails (Spider:3)
  A smoke demon (Depths:4)
  An ice statue (IceCv)
  2 rime drakes (Lair:6)
  2 rime drakes (shapeshifter)
  A yaktaur (shapeshifter) (Vaults:1)
  14 spiny frogs
  9 freezing wraiths
  5 komodo dragons
  2 kobold demonologists
  13 demonic crawlers
  5 hellwings
  3 ice devils
  A spriggan zombie (Depths:1)
  28 yaktaurs
  A tengu conjurer (D:13)
  3 meliai (Spider:3)
  A jumping spider (shapeshifter) (Elf:2)
  33 jumping spiders
  32 merfolk
  12 trolls
  4 red devils
  A wind drake (shapeshifter) (Depths:3)
  4 wind drakes
  3 polar bears (shapeshifter)
  13 hornets
  15 polar bears
  35 slime creatures
  8 blink frogs
  10 snapping turtles
  6 dream sheep
  9 hippogriffs
  A meliai zombie (D:11)
  4 air elementals
  A centaur simulacrum (D:15)
  A ynoxinul (D:10)
  5 wraiths
  A wyvern (shapeshifter) (D:15)
  83 redbacks
  2 tarantellas (shapeshifter)
  A yak (shapeshifter) (Vaults:2)
  17 humans
  13 water elementals
  44 yaks
  2 spriggans (shapeshifter)
  45 tarantellas
  2 fire bats (Volcano)
  A golden eye (shapeshifter) (D:15)
  2 wyverns
  4 basilisks
  A basilisk (shapeshifter) (Depths:3)
  7 vampire mosquitoes (D:14)
  2 fire elementals
  4 hogs (D:10)
  A hungry ghost (D:13)
  A chaos spawn (Depths:1)
  A neqoxec (D:3)
  A steam dragon (Lair:6)
  2 soldier ants
  14 swamp worms (Lair:4)
  12 wargs
  2 hydra simulacra (Zot:3)
  A water moccasin (shapeshifter) (Vaults:3)
  7 hell hounds
  4 acid dragons
  8 water moccasins
  4 porcupines
  Duvessa (D:6)
  A swamp drake (Lair:6)
  3 ice beasts
  A slave (D:6)
  61 orc warriors
  10 sky beasts
  A black bear (D:8)
  An eye of draining (shapeshifter) (Depths:3)
  3 phantoms
  6 boggarts
  47 ogres
  The ghost of subsebi the Chopper, an amateur DsCK of Xom (D:4)
  21 wolves
  11 centaurs
  17 crocodiles
  2 big kobolds
  8 bullfrogs
  A deep troll simulacrum (Vaults:4)
  An earth elemental (Elf:1)
  Dowan (D:6)
  6 scorpions
  12 killer bees
  An elf simulacrum (Vaults:4)
  7 wights
  6 electric eels
  A howler monkey (D:5)
  6 crimson imps
  3 centaur zombies
  3 lava snakes (Volcano)
  A bullfrog zombie (D:13)
  3 bullfrog skeletons
  3 jellies
  A quasit (D:11)
  21 orc priests
  6 hounds
  6 centaur skeletons
  27 orc wizards
  6 iguanas
  Ijyb (D:3)
  14 human skeletons
  19 worker ants
  A killer bee zombie (D:8)
  3 hound skeletons
  14 adders
  3 shadow imps
  A white imp (D:1)
  2 ufetubi
  9 worms
  2 leopard geckos
  138 orcs
  7 giant cockroaches
  10 goblins
  5 hobgoblins
  13 jackals
  19 kobolds
  7 quokkas
  8 bats
  6 frilled lizards
  A jackal zombie (D:7)
  A leopard gecko zombie (D:9)
  A quokka zombie (D:5)
  7 rats
  A crawling corpse (Vaults:4)
  4 fungi
  9 plants
  2 tentacles (Shoals:4)
2489 creatures vanquished.

Vanquished Creatures (collateral kills)
  Fannar (Lair:1)
1 creature vanquished.

Vanquished Creatures (others)
  4 stone giants (Vaults:5)
  A deep elf high priest (Vaults:5)
  A yaktaur captain (Depths:4)
  A wizard (D:10)
  A small abomination (Vaults:5)
  A water elemental (Elf:1)
  A warg (Vaults:5)
  An orc warrior (Depths:1)
  2 ogres
  A howler monkey (D:6)
  A ball lightning (Depths:5)
  A leopard gecko (D:11)
  An orc (D:11)
  24 fungi
  39 plants
  7 tentacles (Shoals:4)
87 creatures vanquished.

Grand Total: 2577 creatures vanquished

Notes
Turn   | Place    | Note
-------+----------+-------------------------------------------
     0 | D:1      | Imdi the Minotaur Berserker began the quest for the Orb.
     0 | D:1      | Reached XP level 1. HP: 19/19 MP: 0/0
   231 | D:1      | Reached XP level 2. HP: 27/27 MP: 1/1
   492 | D:1      | Reached ** piety under Trog
   512 | D:1      | Reached XP level 3. HP: 33/33 MP: 2/2
  1166 | D:2      | Reached XP level 4. HP: 40/40 MP: 3/3
  1402 | D:2      | Reached skill level 5 in Axes
  1858 | D:3      | Found a stormy altar of Qazlal.
  1960 | D:3      | Reached *** piety under Trog
  2049 | D:3      | Noticed Ijyb
  2105 | D:3      | Killed Ijyb
  2105 | D:3      | Reached XP level 5. HP: 37/46 MP: 4/4
  2769 | D:3      | Found a deep blue altar of Sif Muna.
  2769 | D:3      | Found a faded altar of an unknown god.
  2774 | D:3      | Found a faded altar of an unknown god.
  2778 | D:3      | Found a hazy altar of Hepliaklqana.
  2779 | D:3      | Found an iron altar of Okawaru.
  2890 | D:3      | Reached XP level 6. HP: 52/52 MP: 3/5
  3485 | D:4      | Found Duiz's Gadget Shoppe.
  3576 | D:4      | Reached **** piety under Trog
  3603 | D:4      | Noticed subsebi's ghost (amateur DsCK)
  3620 | D:4      | Killed subsebi's ghost
  3780 | D:4      | Reached skill level 5 in Armour
  3780 | D:4      | Reached XP level 7. HP: 58/58 MP: 6/6
  4255 | D:5      | Entered Level 5 of the Dungeon
  4817 | D:4      | Reached skill level 1 in Bows
  4817 | D:4      | Reached skill level 5 in Dodging
  5301 | D:5      | Reached XP level 8. HP: 56/66 MP: 4/7
  5321 | D:5      | Found an ancient bone altar of Kikubaaqudgha.
  5328 | D:5      | Found Emac's Magic Scroll Shoppe.
  5407 | D:5      | Bought a scroll of blinking for 82 gold pieces
  5407 | D:5      | Bought a scroll of identify for 22 gold pieces
  5705 | D:6      | Noticed Pikel
  5828 | D:6      | Killed Pikel
  5889 | D:6      | Found a staircase to the Ecumenical Temple.
  5906 | Temple   | Entered the Ecumenical Temple
  6105 | D:6      | Found an ornate altar of the Wu Jian Council.
  6139 | D:6      | Noticed Dowan
  6165 | D:6      | Killed Dowan
  6165 | D:6      | Reached skill level 5 in Fighting
  6231 | D:6      | Noticed Duvessa
  6238 | D:6      | Killed Duvessa
  6904 | D:7      | Found a shattered altar of Ashenzari.
  6905 | D:7      | Noticed subsebi's ghost (novice DsCK)
  6932 | D:7      | Killed subsebi's ghost
  6932 | D:7      | Reached skill level 10 in Axes
  6932 | D:7      | Reached XP level 9. HP: 58/75 MP: 3/8
  7378 | D:7      | Found a shadowy altar of Dithmenos.
  7490 | D:7      | Found a basalt altar of Yredelemnul.
  7622 | D:8      | Gained mutation: You expend magic power (3 MP) to strengthen your wands. [mutagenic glow]
  7797 | D:8      | Found a snail-covered altar of Cheibriados.
  7838 | D:8      | Reached skill level 1 in Shields
  7849 | D:8      | Reached ***** piety under Trog
  9188 | D:9      | Noticed a brown ugly thing
  9293 | D:9      | Reached skill level 5 in Bows
  9338 | D:9      | Reached XP level 10. HP: 84/84 MP: 9/9
  9405 | D:10     | Entered Level 10 of the Dungeon
 10211 | D:11     | Received a gift from Trog
 10297 | D:10     | Noticed an unseen horror
 10305 | D:10     | Killed an unseen horror
 10320 | D:10     | Found a staircase to the Lair.
 10352 | D:10     | Found a bloodstained altar of Trog.
 10353 | D:10     | Noticed a wizard
 10358 | D:10     | Killed a wizard
 10404 | D:10     | Noticed Erica
 10414 | D:10     | Killed Erica
 10789 | D:10     | Noticed a two-headed ogre
 10821 | D:10     | Killed a two-headed ogre
 10821 | D:10     | Reached XP level 11. HP: 80/94 MP: 5/10
 11278 | D:11     | Noticed Nergalle
 11285 | D:11     | Killed Nergalle
 11454 | D:11     | Found Kimmipo's General Store.
 11731 | D:11     | Found a staircase to the Orcish Mines.
 11775 | D:11     | Found a roughly hewn altar of Beogh.
 11776 | D:11     | Noticed Erolcha
 11801 | D:11     | Killed Erolcha
 12094 | D:11     | Noticed a green ugly thing
 14593 | Lair:1   | Entered Level 1 of the Lair of Beasts
 14618 | Lair:1   | Reached skill level 10 in Armour
 15045 | Lair:1   | Reached XP level 12. HP: 104/104 MP: 11/11
 15091 | Lair:1   | Noticed Harold
 15107 | Lair:1   | Killed Harold
 15423 | Lair:1   | Noticed Fannar
 15448 | Lair:1   | Killed Fannar
 16620 | Lair:2   | Noticed Gastronok
 16635 | Lair:2   | Killed Gastronok
 17518 | Lair:3   | Reached skill level 10 in Fighting
 17555 | Lair:3   | Reached skill level 10 in Dodging
 17679 | Lair:3   | Reached skill level 15 in Axes
 17682 | Lair:3   | Noticed a queen ant
 17691 | Lair:3   | Noticed Sonja
 18095 | Lair:3   | Killed Sonja
 18543 | Lair:3   | Killed a queen ant
 18828 | Lair:3   | Found a hole to the Spider Nest.
 19277 | Lair:4   | Found a labyrinth entrance.
 19316 | Lair:4   | Found a dark tunnel.
 19323 | Volcano  | Entered a volcano
 19569 | Volcano  | Found a burning altar of Makhleb.
 19591 | Volcano  | Received a gift from Trog
 19603 | Volcano  | Reached XP level 13. HP: 67/113 MP: 6/12
 20930 | Lair:4   | Found a staircase to the Shoals.
 21566 | Lair:4   | Received a gift from Trog
 22213 | Lair:5   | Reached skill level 10 in Bows
 22275 | Lair:5   | Found a radiant altar of Vehumet.
 22435 | Lair:5   | Found a staircase to the Slime Pits.
 22996 | Lair:6   | Entered Level 6 of the Lair of Beasts
 23954 | Lair:6   | Reached XP level 14. HP: 108/124 MP: 6/13
 24300 | Lair:6   | Received a gift from Trog
 26286 | Spider:1 | Entered Level 1 of the Spider Nest
 26499 | Spider:1 | Received a gift from Trog
 27803 | Spider:2 | Received a gift from Trog
 28229 | Spider:2 | Reached XP level 15. HP: 130/130 MP: 14/14
 28261 | Spider:2 | Received a gift from Trog
 28267 | Spider:2 | Reached ****** piety under Trog
 28616 | Spider:2 | Got a smoking morningstar
 28644 | Spider:2 | Identified the +10 morningstar of Bodily Humours {drain, rElec MR- Int+4} (You found it on level 2 of the Spider Nest)
 29115 | Spider:2 | Noticed Jorgrun
 29123 | Spider:2 | Killed Jorgrun
 29227 | Spider:2 | Reached skill level 15 in Bows
 30967 | Spider:3 | Noticed a ghost moth
 30974 | Spider:3 | Killed a ghost moth
 30974 | Spider:3 | Received a gift from Trog
 33347 | D:13     | Received a gift from Trog
 33570 | D:13     | Reached XP level 16. HP: 133/138 MP: 15/15
 33712 | D:13     | Received a gift from Trog
 34037 | D:14     | Found a frozen archway.
 34052 | IceCv    | Entered an ice cave
 34988 | D:14     | Identified 3 scrolls of acquirement
 35114 | D:14     | Found a gate to the Vaults.
 35114 | D:14     | Noticed Rupert
 35120 | D:14     | Noticed Urug
 35122 | D:14     | Killed Rupert
 35155 | D:14     | Killed Urug
 35289 | D:14     | Received a gift from Trog
 35620 | D:14     | Found Gyplib's Distillery.
 35793 | D:15     | Entered Level 15 of the Dungeon
 35829 | D:15     | Noticed Azrael
 35834 | D:15     | Received a gift from Trog
 35837 | D:15     | Killed Azrael
 35962 | D:15     | Received a gift from Trog
 36346 | D:15     | Found a staircase to the Depths.
 36351 | D:15     | Got a smoking longbow {god gift}
 36356 | D:15     | Identified the +2 longbow "Alapof" {freeze, +Fly rElec Str-5 Int+3} (Trog gifted it to you on level 15 of the Dungeon)
 37170 | Orc:1    | Entered Level 1 of the Orcish Mines
 37298 | Orc:2    | Entered Level 2 of the Orcish Mines
 37299 | Orc:2    | Found a roughly hewn altar of Beogh.
 37337 | Orc:2    | Gained mutation: You tend to lose your temper in combat. [a neqoxec]
 37554 | Orc:1    | Lost mutation: You expend magic power (3 MP) to strengthen your wands. [potion of mutation]
 37554 | Orc:1    | Lost mutation: You tend to lose your temper in combat. [potion of mutation]
 37554 | Orc:1    | Gained mutation: You are partially covered in slimy green scales. (AC +2) [potion of mutation]
 37554 | Orc:1    | Gained mutation: You are frail. (-10% HP) [potion of mutation]
 37554 | Orc:1    | Gained mutation: You are resistant to electric shocks. (rElec) [potion of mutation]
 37785 | Orc:2    | Received a gift from Trog
 37913 | Orc:2    | Found Soxicej's General Store.
 37993 | Orc:2    | Reached XP level 17. HP: 131/131 MP: 16/16
 37994 | Orc:2    | Received a gift from Trog
 38085 | Orc:2    | Noticed Snorg
 38089 | Orc:2    | Killed Snorg
 38133 | Orc:2    | Found Biomat's Antique Weapon Shoppe.
 38251 | Orc:2    | Found Fovadwoe's Jewellery Emporium.
 38374 | Orc:2    | Found a staircase to the Elven Halls.
 38559 | Orc:2    | Found Kebaitzy's Antique Armour Emporium.
 38567 | Orc:2    | Bought a pair of embroidered gloves for 210 gold pieces
 38718 | Orc:1    | Found a roughly hewn altar of Beogh.
 38880 | Orc:1    | You fall through a shaft!
 38923 | Orc:1    | Found a roughly hewn altar of Beogh.
 39112 | Orc:2    | Got a bloodstained shield
 39119 | Orc:2    | Identified the +2 shield of the Sky {rF+} (You acquired it on level 2 of the Orcish Mines)
 39152 | Elf:1    | Entered Level 1 of the Elven Halls
 39407 | Elf:1    | Found Rimn's General Store.
 39676 | Elf:1    | Received a gift from Trog
 40098 | Elf:1    | Received a gift from Trog
 41156 | Elf:2    | Received a gift from Trog
 41481 | Elf:2    | Found a runed gate.
 41481 | Elf:2    | Found a runed gate.
 41483 | Elf:2    | Found a runed gate.
 41733 | Elf:2    | Received a gift from Trog
 42334 | Elf:2    | Noticed a deep elf blademaster
 42344 | Elf:2    | Killed a deep elf blademaster
 42861 | Elf:2    | Received a gift from Trog
 42878 | Elf:3    | Entered Level 3 of the Elven Halls
 44310 | Elf:3    | Reached XP level 18. HP: 104/143 MP: 17/17
 44774 | Elf:3    | Received a gift from Trog
 45423 | Elf:3    | Received a gift from Trog
 45426 | Elf:3    | Got a polished longbow {god gift}
 45478 | Elf:3    | Reached skill level 15 in Fighting
 45624 | Elf:3    | Got a clouded jade ring
 45902 | Elf:3    | Reached skill level 15 in Armour
 46045 | Elf:3    | Got a clouded lead amulet
 46057 | Elf:3    | Identified the +3 longbow of Dullness {freeze, Int+8} (Trog gifted it to you on level 3 of the Elven Halls)
 46062 | Elf:3    | Identified the ring of the King {Fire Int+2} (You took it off a deep elf demonologist on level 3 of the Elven Halls)
 46071 | Elf:3    | Identified the amulet of Vaojusch {Harm *Drain Slay+6} (You took it off a deep elf sorcerer on level 3 of the Elven Halls)
 46080 | Elf:3    | Got a warped copper ring
 46817 | Elf:3    | Identified the ring "Niguug" {*Tele rC++} (You took it off a deep elf high priest on level 3 of the Elven Halls)
 46886 | Elf:3    | Got a pitted granite ring
 46893 | Elf:3    | Identified Nopazitz's Collected Works on Clay and Weightlessness
 46909 | Elf:3    | Lost intelligence.
 46909 | Elf:3    | Identified the ring of Ifanlodo {rElec rPois rC+ Int-5 SInv} (You found it on level 3 of the Elven Halls)
 47455 | Spider:4 | Entered Level 4 of the Spider Nest
 47455 | Spider:4 | Noticed Mara
 47477 | Spider:4 | Killed Mara
 47686 | Spider:4 | Received a gift from Trog
 47915 | Spider:4 | Received a gift from Trog
 47939 | Spider:4 | Reached XP level 19. HP: 115/154 MP: 18/18
 48194 | Spider:4 | Noticed Arachne
 48211 | Spider:4 | Killed Arachne
 48221 | Spider:4 | Received a gift from Trog
 48745 | Spider:4 | Reached skill level 15 in Dodging
 49236 | Spider:4 | Got a gossamer rune of Zot
 49623 | Shoals:1 | Entered Level 1 of the Shoals
 50359 | Shoals:2 | Received a gift from Trog
 50487 | Shoals:2 | Noticed Roxanne
 50644 | Shoals:2 | Received a gift from Trog
 50969 | Shoals:2 | Noticed Donald
 50978 | Shoals:2 | Killed Donald
 51487 | Shoals:2 | Killed Roxanne
 51668 | Shoals:3 | Noticed Polyphemus
 51927 | Shoals:3 | Killed Polyphemus
 51928 | Shoals:3 | Received a gift from Trog
 52322 | Shoals:3 | Noticed Aizul
 52338 | Shoals:3 | Killed Aizul
 52608 | Shoals:4 | Entered Level 4 of the Shoals
 52814 | Shoals:4 | Received a gift from Trog
 53027 | Shoals:4 | Reached XP level 20. HP: 93/165 MP: 19/19
 53059 | Shoals:4 | Received a gift from Trog
 53085 | Shoals:4 | Noticed Ilsuiw
 53112 | Shoals:4 | Killed Ilsuiw
 53358 | Shoals:4 | Got a shimmering glass ring
 53683 | Shoals:4 | Got a barnacled rune of Zot
 54104 | Shoals:4 | Received a gift from Trog
 54249 | Shoals:4 | Identified the ring "Vowuul" {Wiz +Fly Str-5 Slay+3} (You took it off a merfolk aquamancer on level 4 of the Shoals)
 54254 | Shoals:4 | Got an iridescent executioner's axe {god gift}
 54257 | Shoals:4 | Lost intelligence.
 54257 | Shoals:4 | Identified the +13 executioner's axe "Zuogix" {flame, rC+ rN+ Int-5} (Trog gifted it to you on level 4 of the Shoals)
 54967 | Orc:2    | Bought the ring "Zielion" {+Fly rN+ MR+ Str+7} for 588 gold pieces
 55132 | Vaults:1 | Entered Level 1 of the Vaults
 55413 | Vaults:1 | Received a gift from Trog
 55567 | Vaults:1 | Received a gift from Trog
 56639 | Vaults:2 | Received a gift from Trog
 56707 | Vaults:2 | Found a staircase to the Crypt.
 56740 | Vaults:2 | Found Fomos's Food Emporium.
 57186 | Vaults:2 | Reached XP level 21. HP: 156/178 MP: 20/20
 57234 | Vaults:2 | Received a gift from Trog
 57659 | Vaults:2 | Received a gift from Trog
 58622 | Vaults:3 | Received a gift from Trog
 58878 | Vaults:3 | Received a gift from Trog
 59848 | Vaults:4 | Received a gift from Trog
 60209 | Vaults:4 | Found Deonov's Jewellery Shop.
 60240 | Vaults:4 | Bought the brooch of Shielding {Reflect SH+8} for 1807 gold pieces
 60240 | Vaults:4 | Found the brooch of Shielding {Reflect SH+8}
 60497 | Vaults:4 | Received a gift from Trog
 60755 | Vaults:4 | Reached XP level 22. HP: 133/185 MP: 21/21
 61246 | Vaults:4 | Noticed Frederick
 61259 | Vaults:4 | Killed Frederick
 61783 | Depths:1 | Entered Level 1 of the Depths
 61821 | Depths:1 | Received a gift from Trog
 62075 | Depths:1 | Found a gateway to Hell.
 62099 | Depths:1 | Noticed Saint Roka
 62114 | Depths:1 | Killed Saint Roka
 62903 | Depths:1 | Found Hewuen's Book Emporium.
 63005 | Depths:1 | Found Zuzxot's Changing Room.
 63031 | Depths:1 | Noticed Nikola
 63050 | Depths:1 | Killed Nikola
 63750 | Depths:2 | Noticed a juggernaut
 63757 | Depths:2 | Killed a juggernaut
 63757 | Depths:2 | Received a gift from Trog
 63981 | Depths:2 | Found a one-way gate leading to the halls of Pandemonium.
 64047 | Depths:2 | Found a portal to a secret trove of treasure.
 64187 | Depths:2 | Received a gift from Trog
 64587 | Depths:3 | Reached XP level 23. HP: 191/191 MP: 22/22
 64662 | Depths:3 | Received a gift from Trog
 64679 | Depths:3 | Noticed endorz's ghost (veteran DDFi)
 64697 | Depths:3 | Killed endorz's ghost
 66011 | Depths:4 | Received a gift from Trog
 66063 | Depths:4 | Received a gift from Trog
 66350 | Depths:4 | Received a gift from Trog
 67187 | Depths:4 | Found Yfoul's Assorted Antiques.
 67227 | Depths:4 | Noticed a juggernaut
 67239 | Depths:4 | Killed a juggernaut
 67413 | Depths:4 | Found a one-way gate to the infinite horrors of the Abyss.
 67415 | Depths:4 | Noticed Louise
 67430 | Depths:4 | Killed Louise
 67582 | Depths:4 | Noticed Jory
 67594 | Depths:4 | Killed Jory
 68080 | Depths:4 | Noticed TheWayOfAllFlesh's ghost (veteran DsGl)
 68103 | Depths:4 | Killed TheWayOfAllFlesh's ghost
 68259 | Depths:5 | Entered Level 5 of the Depths
 68549 | Depths:5 | Reached XP level 24. HP: 206/206 MP: 22/22
 68686 | Depths:5 | Received a gift from Trog
 69259 | Depths:5 | Received a gift from Trog
 69267 | Depths:5 | Got a brightly glowing broad axe {god gift}
 69270 | Depths:5 | Identified the +1 broad axe of Xonosoz {freeze, +Fly Str+3} (Trog gifted it to you on level 5 of the Depths)
 69699 | Depths:5 | Found a gate to the Realm of Zot.
 70105 | Depths:5 | Found a gateway to a ziggurat.
 71099 | D:5      | Bought a scroll of enchant armour for 82 gold pieces
 71099 | D:5      | Bought a scroll of teleportation for 33 gold pieces
 71448 | Vaults:5 | Entered Level 5 of the Vaults
 71706 | Vaults:4 | Received a gift from Trog
 72793 | Vaults:5 | Received a gift from Trog
 72910 | Vaults:5 | Reached XP level 25. HP: 219/219 MP: 22/22
 73008 | Vaults:5 | Received a gift from Trog
 73550 | Vaults:5 | Noticed an ancient lich
 73559 | Vaults:5 | Killed an ancient lich
 74201 | Vaults:5 | Received a gift from Trog
 74204 | Vaults:5 | Got a crystal battleaxe {god gift}
 74208 | Vaults:5 | Identified the +10 battleaxe "Pendulum" {drain, Int+4} (Trog gifted it to you on level 5 of the Vaults)
 74245 | Vaults:5 | Got a silver rune of Zot
 74746 | Vaults:5 | Got a translucent lapis lazuli ring
 74909 | Vaults:4 | Identified the ring of Xom's Absentmindedness {Ice rN++ Dex-4 Stlth+} (You found it on level 5 of the Vaults)
 75267 | Zot:1    | Entered Level 1 of the Realm of Zot
 76263 | Zot:2    | Reached XP level 26. HP: 233/233 MP: 22/22
 76608 | Zot:2    | Noticed an orb of fire
 76608 | Zot:2    | Gained mutation: You are weak. (Str -2) [an orb of fire]
 76612 | Zot:2    | Gained mutation: Your body sometimes deteriorates upon taking damage. [an orb of fire]
 76620 | Zot:2    | Killed an orb of fire
 77643 | Zot:3    | Received a gift from Trog
 77833 | Zot:3    | Noticed an orb of fire
 77838 | Zot:3    | Gained mutation: Armour fits poorly on your strangely shaped body. [an orb of fire]
 77846 | Zot:3    | Killed an orb of fire
 78302 | Zot:3    | Received a gift from Trog
 78418 | Zot:3    | Noticed an orb of fire
 78423 | Zot:3    | Gained mutation: Your magical capacity is low. (-10% MP) [an orb of fire]
 78425 | Zot:3    | Gained mutation: Your body often deteriorates upon taking damage. [an orb of fire]
 78437 | Zot:3    | Killed an orb of fire
 78942 | Zot:3    | Reached skill level 27 in Fighting
 79590 | Zot:4    | Reached XP level 27. HP: 198/245 MP: 19/19
 80985 | D:4      | Bought a wand of digging (12) for 416 gold pieces
 81454 | Zot:5    | Entered Level 5 of the Realm of Zot
 81458 | Zot:5    | Received a gift from Trog
 82624 | Zot:5    | Reached skill level 27 in Dodging
 82640 | Zot:5    | Noticed an orb of fire
 82642 | Zot:5    | Gained mutation: You are clumsy. (Dex -2) [an orb of fire]
 82647 | Zot:5    | Killed an orb of fire
 82647 | Zot:5    | Received a gift from Trog
 83143 | Zot:5    | Noticed an orb of fire
 83147 | Zot:5    | Gained mutation: Your magical capacity is very low. (-20% MP) [an orb of fire]
 83149 | Zot:5    | Gained mutation: Your magical capacity is extremely low. (-30% MP) [an orb of fire]
 83151 | Zot:5    | Killed an orb of fire
 83333 | Zot:5    | Noticed an ancient lich
 83343 | Zot:5    | Killed an ancient lich
 83383 | Zot:5    | Noticed an ancient lich
 83389 | Zot:5    | Killed an ancient lich
 86174 | Zot:5    | Noticed an orb of fire
 86182 | Zot:5    | Gained mutation: You are very clumsy. (Dex -4) [an orb of fire]
 86191 | Zot:5    | Gained mutation: Potions are less effective at restoring your health. [an orb of fire]
 86193 | Zot:5    | Killed an orb of fire
 86879 | Zot:5    | Noticed an orb of fire
 86902 | Zot:5    | Gained mutation: You occasionally shout uncontrollably at your foes. [an orb of fire]
 86906 | Zot:5    | Killed an orb of fire
 87951 | Zot:5    | Received a gift from Trog
 89392 | Zot:5    | Got the Orb of Zot
 90249 | D:1      | Noticed Daprievacu the pandemonium lord
 90264 | D:1      | Killed Daprievacu the pandemonium lord
 90302 | D:$      | Escaped with the Orb!

Skill      XL: |  1  2  3  4  5  6  7  8  9 10 11 12 13 14 15 16 17 18 19 20 21 22 23 24 25 26 27 |
---------------+----------------------------------------------------------------------------------+-----
Axes           | 4 5 6 7 8 10 11 12 13 15 16 17 18 20 23 26 | 26.0
Armour         | 3 4 5 7 9 10 11 12 13 15 17 18 19 25 | 25.0
Dodging        | 3 4 5 6 7 8 9 10 11 12 14 16 17 20 21 23 25 27 | 27.0
Bows           | 2 4 5 6 7 9 10 13 17 20 | 20.0
Fighting       | 5 6 8 9 10 11 12 13 15 17 19 21 23 25 27 | 27.0
Shields        | 2 4 |  4.1

Action                   |  1- 3 |  4- 6 |  7- 9 | 10-12 | 13-15 | 16-18 | 19-21 | 22-24 | 25-27 || total
-------------------------+-------+-------+-------+-------+-------+-------+-------+-------+-------++-------
Melee: Hand axe          |    73 |   152 |   296 |       |       |       |       |       |       ||   521
       Headbutt          |     8 |    34 |    89 |   208 |   117 |    30 |    97 |   117 |    78 ||   778
       Unarmed           |       |     2 |       |       |       |       |       |       |       ||     2
       War axe           |       |       |    19 |   720 |    32 |       |       |       |       ||   771
       Battleaxe         |       |       |       |       |   182 |   194 |    81 |       |       ||   457
       Broad axe         |       |       |       |       |    86 |       |       |       |       ||    86
       Morningstar       |       |       |       |       |    98 |       |       |       |       ||    98
       Executioner's axe |       |       |       |       |       |       |   275 |   465 |   273 ||  1013
 Fire: Blowgun           |       |       |     8 |    12 |       |       |       |       |       ||    20
       Longbow           |       |       |       |     3 |   727 |  1284 |  1496 |   961 |  1379 ||  5850
Throw: Stone             |     7 |       |     1 |     7 |       |       |       |       |       ||    15
       Javelin           |       |       |       |     2 |       |       |       |       |       ||     2
Invok: Berserk           |     1 |     3 |     5 |    13 |     5 |     8 |     3 |     4 |     5 ||    47
       Trog's Hand       |       |       |       |     5 |     1 |     6 |    10 |    14 |     5 ||    41
       Brothers in Arms  |       |       |       |     2 |       |       |       |       |       ||     2
       Burn Spellbooks   |       |       |       |       |     2 |     3 |     7 |     6 |     4 ||    22
Evoke: Wand              |       |       |       |       |     6 |       |       |       |     3 ||     9
  Use: Scroll            |       |       |    16 |    13 |     7 |    18 |     6 |     8 |     5 ||    73
       Potion            |       |       |     1 |     2 |     1 |     1 |     6 |       |     5 ||    16
 Stab: Sleeping          |       |     1 |       |       |       |       |       |       |       ||     1
       Distracted        |       |       |       |       |       |       |       |     1 |       ||     1
  Eat: Chunk             |     1 |    11 |    14 |    19 |    28 |    40 |    42 |    28 |     6 ||   189
       Ration            |       |       |     3 |     8 |     6 |     4 |     1 |     7 |    15 ||    44
Armor: Animal skin       |    15 |       |       |       |       |       |       |       |       ||    15
       Troll leather arm |     6 |    17 |       |       |       |       |       |       |       ||    23
       Scale mail        |       |    14 |    50 |       |       |       |       |       |       ||    64
       Ring mail         |       |       |    42 |   167 |    24 |       |       |       |       ||   233
       Crystal plate arm |       |       |       |    48 |   273 |   155 |   505 |   121 |       ||  1102
       Swamp dragon scal |       |       |       |       |   133 |   125 |       |       |       ||   258
       Skin              |       |       |       |       |     3 |       |       |       |       ||     3
       Plate armour      |       |       |       |       |       |       |       |   141 |       ||   141
       Gold dragon scale |       |       |       |       |       |       |       |    94 |   281 ||   375
Dodge: Dodged            |    53 |    76 |   172 |   377 |   582 |   346 |   637 |   392 |   373 ||  3008
Block: Buckler           |       |       |     6 |   213 |     5 |       |       |       |       ||   224
       Other             |       |       |       |       |       |       |    13 |   229 |   140 ||   382
       Reflection        |       |       |       |       |       |       |     1 |    20 |    13 ||    34
